 Dungeon Crawl Stone Soup version 0.29-a0-319-gad05b8d819 (webtiles) character file.

Game seed: 10986195046244383227

296 sammy202020 the Skirmisher (level 6, 0/62 HPs)
             Began as a Troll Fighter on Apr 2, 2022.
             Slain by a gnoll shaman
             ... wielding a +0 whip
              (5 damage)
             ... on level 3 of the Dungeon.
             The game lasted 00:04:47 (3202 turns).

sammy202020 the Skirmisher (Troll Fighter)          Turns: 3202, Time: 00:04:48

Health: 0/62       AC:  4    Str: 25    XL:     6   Next: 12%
Magic:  5/5        EV:  9    Int:  6    God:
Gold:   177        SH:  7    Dex:  9    Spells: 5/5 levels left

rFire   . . .      SeeInvis .     - Unarmed
rCold   . . .      Faith    .   b - +0 kite shield
rNeg    . . .      Spirit   .   a - +0 robe
rPois   .          Reflect  .   (helmet restricted)
rElec   .          Harm     .   (no cloak)
rCorr   .          Rampage  .   (gloves unavailable)
Will    .....                   (boots unavailable)
Stlth   +.........              (no amulet)
HPRegen 1.00/turn               (no ring)
MPRegen 0.09/turn               (no ring)

@: no status effects
A: large, unfitting armour, claws 3, regeneration 1, shaggy fur 1, tough skin 1
a: no special abilities


You were on level 3 of the Dungeon.
You visited 1 branch of the dungeon, and saw 4 of its levels.

You collected 177 gold pieces.

Inventory:

Hand Weapons
 h - a +1 mace of draining
Missiles
 e - 8 poisoned darts
 f - 4 large rocks (quivered)
Armour
 a - a +0 robe (worn)
 b - a +0 kite shield (worn)
Jewellery
 c - a +6 ring of dexterity
Scrolls
 d - 3 scrolls of teleportation
 j - a scroll of silence {unknown}
Potions
 g - a potion of curing
 i - a potion of ambrosia {unknown}
 l - a potion of brilliance
 m - a potion of magic {unknown}
 n - a potion of experience {unknown}
 o - a potion of heal wounds


   Skills:
 * Level 3.7 Fighting
 + Level 1.6 Maces & Flails
 + Level 3.1 Dodging
 + Level 3.1 Shields
 * Level 3.7 Unarmed Combat


You had 5 spell levels left.
You didn't know any spells.
Your spell library contained the following spells:

 Spells                   Type           Power      Damage    Failure   Level
 Conjure Flame            Conj/Fire      0%         6-21      98%         3
 Ignite Poison            Fire/Tmut/Pois 0%         N/A       98%         3
 Sticky Flame             Conj/Fire      0%         2d3       100%        4


Dungeon Overview and Level Annotations

Branches:
Dungeon (4/15)
 Temple: D:4-7

Altars:
Hepliaklqana
Uskayaw

Shops:
D:1 *


Innate Abilities, Weirdness & Mutations

You are too large for most types of armour.
You have claws for hands.
Your natural rate of healing is unusually fast.
You are covered in fur. (AC +1)
You have tough skin. (AC +1)


Message History

Unknown command.
The gnoll shaman hits you with a +0 whip.
There is a stone staircase leading up here.
The gnoll hits you from afar with a +0 spear.
The gnoll shaman closely misses you. The hobgoblin hits you.
The gnoll hits you from afar with a +0 spear. x2
You climb upwards.
There is a stone staircase leading down here.
You barely miss the gnoll shaman.
The gnoll shaman is heavily wounded.
The gnoll shaman prays to its god.
The gnoll shaman is healed somewhat.
The hobgoblin closely misses you. You block the gnoll shaman's attack.
The hobgoblin hits you but does no damage.
You closely miss the gnoll shaman.
The gnoll shaman is moderately wounded.
The gnoll shaman hits you with a +0 whip!
* * * LOW HITPOINT WARNING * * *
The hobgoblin hits you but does no damage.
You scratch the gnoll shaman but do no damage.
The gnoll shaman is moderately wounded.
The gnoll shaman hits you with a +0 whip!
* * * LOW HITPOINT WARNING * * *
The hobgoblin hits you but does no damage.
You claw the hobgoblin!
You kill the hobgoblin!
The gnoll shaman hits you with a +0 whip.
* * * LOW HITPOINT WARNING * * *
You feel better.
The gnoll shaman hits you with a +0 whip.
* * * LOW HITPOINT WARNING * * *
You scratch the gnoll shaman.
The gnoll shaman is moderately wounded.
The gnoll shaman calls down the wrath of its god upon you.
You resist with some effort.
Sorry, you're not good enough to have a special ability.
You claw the gnoll shaman!
The gnoll shaman is severely wounded.
The gnoll shaman hits you with a +0 whip.
You die...

###### #....# #....# #....#
#....##### #..g.....##########
#..@.....#........#
#.†......#........#
#........#........##
#........'........'. ######
#.....#.##........##
#....#######........+........'.
#....'........###..##........#.
#....#######..# #..##........#.
#.#####.......###..##........#.


You could see a gnoll shaman.

Vanquished Creatures
  2 scorpions
  4 gnolls (D:2)
  5 adders
  2 worms (D:4)
  A dart slug (D:1)
  An orc (D:3)
  7 bats
  9 endoplasms
  4 giant cockroaches (D:2)
  6 goblins (D:2)
  13 hobgoblins
  6 jackals
  7 quokkas
  8 ball pythons
  A frilled lizard (D:2)
  6 kobolds
  9 rats
91 creatures vanquished.

Notes
Turn   | Place    | Note
-------+----------+-------------------------------------------
     0 | D:1      | sammy202020 the Troll Fighter began the quest for the Orb.
     0 | D:1      | Reached XP level 1. HP: 22/22 MP: 0/0
   267 | D:1      | Reached XP level 2. HP: 27/29 MP: 1/1
   324 | D:1      | Found Kafanefa's Assorted Antiques.
  1018 | D:2      | Found a faded altar of an unknown god.
  1073 | D:2      | Reached XP level 3. HP: 33/36 MP: 2/2
  1507 | D:2      | Reached XP level 4. HP: 45/45 MP: 3/3
  1592 | D:2      | Reached skill level 1 in Maces & Flails
  1933 | D:2      | Reached XP level 5. HP: 52/53 MP: 4/4
  2413 | D:3      | Found a hazy altar of Hepliaklqana.
  3042 | D:4      | Found a hide-covered altar of Uskayaw.
  3119 | D:4      | Reached XP level 6. HP: 61/62 MP: 5/5
  3198 | D:3      | HP: 3/62 [gnoll shaman/+0 whip (11)]
  3199 | D:3      | HP: 1/62 [gnoll shaman/+0 whip (3)]
  3202 | D:3      | Slain by a gnoll shaman

Illustrated notes

Levels and vault maps discovered:
D:1:      nzn_arrival_depleted_hourglass, layout_basic, serial_shops,
          nicolae_shop_waterfront, nicolae_figureground_sparkle
D:2:      minmay_razor_zed, layout_basic, nicolae_ecumenical_pavilion,
          st_stairs_12, kennysheep_generic_room_9
D:3:      layout_basic, marbit_many_paths, kennysheep_path_1
D:4:      layout_layer_cave, mainiacjoe_overflow_boulevard

Skill      XL: |  1  2  3  4  5 |
---------------+----------------+-----
Fighting       | 3 |  3.7
Maces & Flails | 1 |  1.6
Unarmed Combat | 3 |  3.7
Dodging        | 3 |  3.1
Shields        | 3 |  3.1

Action                   |  1- 3 |  4- 6 || total
-------------------------+-------+-------++-------
Melee: Unarmed           |   113 |   157 ||   270
  Use: Scroll            |     2 |    10 ||    12
       Potion            |       |     3 ||     3
 Stab: Sleeping          |     2 |       ||     2
Armor: Robe              |    39 |    45 ||    84
Dodge: Dodged            |    33 |    51 ||    84
Block: Kite shield       |    38 |    46 ||    84

Table legend: (Time is in decaauts)
 A = Elapsed time spent in this place.
 B = Non-inter-level travel time spent in this place.
 C = Inter-level travel time spent in this place.
 D = Time resting spent in this place.
 E = Time spent auto-exploring this place.
 F = Levels seen in this place.
 G = Mean time per level.
                   A        B        C        D        E       F      G
               +--------+--------+--------+--------+--------+-----+--------+
         Total |   3203 |   3053 |    150 |      0 |   2343 |   4 |  800.8 |
       Dungeon |   3203 |   3053 |    150 |      0 |   2343 |   4 |  800.8 |
               +--------+--------+--------+--------+--------+-----+--------+

Top non-repeatable levels by time:
     D:2: 1048 daAuts
     D:1: 1022 daAuts
     D:3: 839 daAuts
     D:4: 293 daAuts
